Map: Romanticide LE

Players

IIIIIIIIIIII - Winner!

  • Race: Protoss Protoss
  • League: Master

Protossed

  • Race: Zerg Zerg
  • League: Master

VOD

Have the link to the VOD?

Description

Time

  • Played on: July 7, 2021, 4:01 p.m.
  • Length: 5:43
Show
View Real Time Build Order
Export as new Build Order

IIIIIIIIIIII Protoss - Winner!

Build Orders: 1 Gate Expand 

Get SALT Encoding   

  12  0:00  Probe  
  13  0:12  Probe  
  14  0:20  Pylon  
  14  0:24  Probe (Chrono Boost)  
  15  0:37  Probe (Chrono Boost)  
  15  0:41  Gateway  
  16  0:46  Probe  
  16  0:47  Assimilator  
  17  0:58  Probe (Chrono Boost)  
  17  0:59  Pylon  
  18  1:10  Probe (Chrono Boost)  
  19  1:16  Probe (Chrono Boost)  
  20  1:28  Nexus  
  20  1:37  Cybernetics Core  
  20  1:40  Probe  
  21  1:52  Probe  
  22  1:54  Pylon  
  22  2:05  Probe  
  23  2:10  Stalker (Chrono Boost), Warp Gate (Chrono Boost)  
  25  2:17  Probe  
  26  2:29  Probe  
  27  2:32  Gateway  
  27  2:33  Adept  
  29  2:41  Probe  
  29  2:43  Robotics Facility  
  30  2:45  Probe  
  31  2:53  Probe  
  31  2:57  Probe, Gateway  
  33  3:05  Probe  
  34  3:10  Gateway  
  35  3:14  Gateway  
  34  3:25  Gateway  
  34  3:28  Warp Prism (Chrono Boost)  
  36  3:38  Gateway  
  36  3:47  Pylon  
  36  3:52  Stalker  
  36  3:53  Stalker  
  40  3:57  Stalker  
  42  4:04  Pylon  
  42  4:18  Stalker x2  
  42  4:19  Zealot  
  42  4:21  Zealot  
  50  4:36  Zealot x3  
  52  4:45  Zealot x4  
  56  4:50  Stalker  
  52  5:03  Zealot x2  
  52  5:06  Zealot x2  
  56  5:18  Stalker  
  56  5:19  Stalker  
  54  5:25  Zealot x2  
  58  5:31  Zealot x2  
  58  5:35  Stalker  
Show
View Real Time Build Order
Export as new Build Order

Protossed Zerg 

Build Orders: Hatch First 

Get SALT Encoding   

  12  0:00  Drone  
  13  0:12  Overlord  
  13  0:17  Drone  
  14  0:30  Drone x2  
  16  0:50  Hatchery  
  16  0:54  Drone x2  
  17  1:14  Drone x2  
  19  1:20  Spawning Pool  
  19  1:22  Extractor  
  17  1:29  Drone x2  
  19  1:42  Drone  
  20  1:54  Overlord  
  20  2:07  Queen x2  
  24  2:08  Zergling x2  
  24  2:09  Zergling x2  
  24  2:13  Drone x2  
  28  2:25  Zergling x4  
  30  2:34  Metabolic Boost  
  30  2:35  Drone x2  
  32  2:43  Drone  
  33  2:51  Overlord  
  33  3:00  Drone x2  
  33  3:02  Hatchery  
  34  3:08  Queen  
  34  3:11  Overlord  
  36  3:13  Drone  
  37  3:23  Drone x4  
  37  3:26  Overlord  
  41  3:29  Drone  
  42  3:40  Overlord  
  42  3:41  Drone  
  42  3:42  Queen  
  42  3:44  Queen  
  47  3:54  Roach Warren  
  47  3:55  Drone x2  
  47  3:56  Drone  
  47  3:59  Zergling x2  
  47  4:00  Zergling x4  
  52  4:10  Zergling x4  
  52  4:14  Zergling x2  
  55  4:19  Zergling x2  
  55  4:23  Spore Crawler x2  
  54  4:27  Zergling x14  
  60  4:34  Spore Crawler  
  60  4:35  Zergling x4  
  56  4:45  Zergling x6  
  54  4:48  Queen  
  54  4:49  Queen  
  54  4:51  Zergling x2  
  54  4:52  Zergling x2  
  60  4:55  Roach x2  
  58  5:02  Roach x2  
  54  5:08  Roach x2  
  54  5:13  Roach  
  54  5:14  Roach  
  59  5:19  Roach x2  
  59  5:20  Roach  
Tags
 
Add a new tag
Caveats
  • Supply blocks, unpowered buildings, or Contaminate may cause inaccurate times.
  • Supply counts are checked every 10 seconds.